 Dungeon Crawl Stone Soup version 0.30-a0-591-g3c58d2bc28 (webtiles) character file.

Game seed: 14954874698009272794

7 flotson the Sneak (level 1, -14/18 HPs)
             Began as a Demonspawn Delver on Jan 5, 2023.
             Killed by divine providence
             ... invoked by an orc priest
              (15 damage)
             ... on level 4 of the Dungeon.
             The game lasted 00:01:15 (166 turns).

flotson the Sneak (Demonspawn Delver)                Turns: 166, Time: 00:01:16

Health: -14/18     AC:  3    Str: 12    XL:     1   Next: 91%
Magic:  1/1        EV: 12    Int: 11    God:
Gold:   0          SH:  0    Dex: 14    Spells: 0/0 levels left

rFire   . . .      SeeInvis .    a - +0 hand axe
rCold   . . .      Faith    .    (no shield)
rNeg    . . .      Spirit   .    b - +0 leather armour
rPois   .          Reflect  .    (no helmet)
rElec   .          Harm     .    (no cloak)
rCorr   .          Rampage  .    (no gloves)
Will    .....                    (no boots)
Stlth   +++                      (no amulet)
HPRegen 0.23/turn                (no ring)
MPRegen 0.07/turn                (no ring)

@: no status effects
A: no striking features
a: no special abilities


You were on level 4 of the Dungeon.
You visited 1 branch of the dungeon, and saw 2 of its levels.

Inventory:

Hand Weapons
 a - a +0 hand axe (weapon)
Armour
 b - a +0 leather armour (worn)
Wands
 g - a wand of digging (3)
 i - a wand of iceblast (4)
Scrolls
 c - a scroll of fog
 f - a scroll of brand weapon {unknown}
 h - a scroll of immolation {unknown}
Potions
 d - a potion of brilliance {unknown}


   Skills:
 + Level 3.1 Fighting
 + Level 2.0 Axes
 + Level 2.0 Dodging
 + Level 4.6 Stealth


You couldn't memorise any spells.
You didn't know any spells.
Your spell library was empty.

Dungeon Overview and Level Annotations

Branches:
Dungeon (5/15)
 Temple: D:4-7

Altars:


Message History

You are too injured to fight recklessly!
You hit the worm.
The worm is lightly wounded.
Found a silvery potion.
You see here a silvery potion.
d - a silvery potion
Found a stone staircase leading up.
Found a scroll labelled YLOUJYDAFE.
An orc comes into view. It is wielding a +0 club.
Found 15 gold pieces.
Found a book of Changes.
You see here a book of Changes.
The orc hits you with a +0 club. The orc attacks as you move away!
The orc misses you.
An orc priest comes into view. It is wielding a +0 hand axe.
Found a book of Frost.
You hear the slow rusting of a very distant drain.
The orc priest shouts!
The orc hits you but does no damage. The goblin closely misses you.
The orc closely misses you.
An orc comes into view. It is wielding a +0 flail.
The orc priest calls down the wrath of Beogh upon you.
Beogh smites you! The goblin barely misses you. The orc completely misses you.
The orc attacks as you move away! The orc hits you with a +0 club.
The orc attacks as you move away! The orc completely misses you.
The orc attacks as you move away! The orc closely misses you.
The orc priest casts a cantrip, but nothing happens.
The orc cheers loudly.
The orc attacks as you move away! The orc hits you with a +0 club.
The orc attacks as you move away! The orc hits you with a +0 club.
* * * LOW HITPOINT WARNING * * *
You closely miss the orc. The orc hits you but does no damage.
The orc attacks as you move away! The orc hits you with a +0 club.
* * * LOW HITPOINT WARNING * * *
Found 10 gold pieces.
The orc priest calls down the wrath of Beogh upon you.
Beogh smites you!
Ouch! That really hurt!
You die...

###.....<..# #.........
#.........
#.######........#
#...........<..>#
#####.....##.####
#.##.###... #.##.#
#..######### #.##.#
#..@og...o.# #.##.#
#..#######.# #w##.# #$.#
#.# #.##.# #..# #.#
#.##.###..## #.#
#.##.##....## #.# #
#.#...#.....#####o#####:o##
#...#....<............o....
###...#.......##....###..##


You could see an orc priest, an orc and a goblin.

Vanquished Creatures
  An ufetubus (D:5)
  An orc (D:5)
2 creatures vanquished.

Notes
Turn   | Place    | Note
-------+----------+-------------------------------------------
     0 | D:5      | flotson the Demonspawn Delver began the quest for the Orb.
     0 | D:5      | Reached XP level 1. HP: 18/18 MP: 1/1
     7 | D:5      | Noticed an orc priest
    36 | D:5      | Noticed a phantom
    77 | D:5      | Noticed an orc wizard
    77 | D:5      | Noticed an orc priest
   148 | D:4      | Noticed an orc priest
   166 | D:4      | Killed from afar by an orc priest

Illustrated notes

Levels and vault maps discovered:
D:4:      layout_loops_ring, portal_sewer_entry_a
D:5:      layout_cave_pools

Skill      XL: |  1 |
---------------+----+-----
Axes           | 2 |  2.0
Dodging        | 2 |  2.0
Fighting       | |  3.1
Stealth        | |  4.6

Action                   || total
-------------------------++-------
Melee: Hand axe          ||    10
       Punch             ||     1
  Use: Scroll            ||     2
       Potion            ||     1
Armor: Leather armour    ||     5
Dodge: Dodged            ||    19

Table legend: (Time is in decaauts)
 A = Elapsed time spent in this place.
 B = Non-inter-level travel time spent in this place.
 C = Inter-level travel time spent in this place.
 D = Time resting spent in this place.
 E = Time spent auto-exploring this place.
 F = Levels seen in this place.
 G = Mean time per level.
                   A        B        C        D        E       F      G
               +--------+--------+--------+--------+--------+-----+--------+
         Total |    153 |    153 |      0 |      0 |     13 |   2 |   76.5 |
       Dungeon |    153 |    153 |      0 |      0 |     13 |   2 |   76.5 |
               +--------+--------+--------+--------+--------+-----+--------+

Top non-repeatable levels by time:
     D:5: 85 daAuts
     D:4: 68 daAuts
